 Dungeon Crawl Stone Soup version 0.26.1-11-gd32895ea62 (webtiles) character file.

Game seed: 8947249082096809837

17775 Mitsuki the Fighter (level 12, -5/110 HPs)
             Began as a Minotaur Fighter on May 31, 2021.
             Was a High Priest of Okawaru.
             Killed from afar by a fire dragon (32 damage)
             ... with a blast of flame
             ... on level 12 of the Dungeon on June 4, 2021.
             The game lasted 00:54:39 (14512 turns).

Mitsuki the Fighter (Minotaur Fighter)             Turns: 14512, Time: 00:54:40

Health: -5/110     AC: 21    Str: 31    XL:     12   Next: 21%
Magic:  26/26      EV:  7    Int:  6    God:    Okawaru [*****.]
Gold:   797        SH: 26    Dex: 10    Spells: 11/11 levels left

rFire    . . .     SeeInvis +   C - +1 scimitar (freeze)
rCold    . . .     Faith    .   y - +6 tower shield "Zeckukel" {rN+}
rNeg     + + .     Spirit   .   w - +0 plate armour
rPois    .         Reflect  .   O - +1 hat {SInv}
rElec    .         Harm     .   z - +1 cloak
rCorr    .         Rampage  .   t - +0 pair of gloves
Will     .....                  k - +0 pair of boots
Stlth    ..........             (no amulet)
HPRegen  0.28/turn              N - ring of positive energy
MPRegen  0.20/turn              R - ring "Riese" {Will- MP+9 Str+6}

@: no status effects
A: retaliatory headbutt, horns 2
a: Renounce Religion, Heroism, Finesse


You were on level 12 of the Dungeon.
You worshipped Okawaru.
Okawaru was extremely pleased with you.
You visited 2 branches of the dungeon, and saw 13 of its levels.

You collected 832 gold pieces.
You spent 35 gold pieces at shops.

Inventory:

Hand Weapons
 n - the cursed +1 mace "Xofu Led" {chaos, rN+ Str+4 Dex+2, unknown}
   (You found it on level 4 of the Dungeon)

   Each time it hits an enemy it has a different, random effect.
   It affects your strength (+4).
   It affects your dexterity (+2).
   It protects you from negative energy.
   It has a curse placed upon it.
 u - the cursed +1 hand axe of the Orange Skies {vorpal, rPois Str+3 Dex+2 Stlth-, unknown}
   (You found it on level 4 of the Dungeon)

   It inflicts extra damage upon your enemies.
   It affects your strength (+3).
   It affects your dexterity (+2).
   It protects you from poison.
   It makes you less stealthy.
   It has a curse placed upon it.
 C - a +1 scimitar of freezing (weapon)
 I - the +2 glaive of Biuti {vorpal, Will- Int+6, unknown}
   (You found it on level 8 of the Dungeon)

   It inflicts extra damage upon your enemies.
   It affects your intelligence (+6).
   It affects your willpower, your defense against some magical effects.
 L - the +3 war axe of Wyoss {vorpal, Will+ Str+2, unknown}
   (You found it on level 10 of the Dungeon)

   It inflicts extra damage upon your enemies.
   It affects your strength (+2).
   It affects your willpower, your defense against some magical effects.
Missiles
 G - 4 throwing nets (quivered)
Armour
 k - a +0 pair of boots (worn)
 t - a +0 pair of gloves (worn)
 w - a +0 plate armour (worn)
 y - the +6 tower shield "Zeckukel" (worn) {rN+}
   (You took it off an orc wizard on level 6 of the Dungeon)

   It protects you from negative energy.
 z - a +1 cloak (worn)
 O - a +1 hat of see invisible (worn)
Magical Staves
 E - an uncursed staff of conjuration {unknown}
 K - an uncursed staff of death {unknown}
 P - an uncursed staff of cold
Jewellery
 N - a ring of positive energy (left hand)
 R - the ring "Riese" (right hand) {Will- MP+9 Str+6}
   (You found it on level 11 of the Dungeon)

   [ring of magical power]

   It affects your strength (+6).
   It affects your willpower, your defense against some magical effects.
   It affects your magic capacity (+9).
Wands
 a - a wand of digging (5)
 H - a wand of paralysis (17)
Scrolls
 e - 7 scrolls of remove curse
 h - 8 scrolls of identify
 i - 4 scrolls of amnesia {unknown}
 l - 3 scrolls of fear {unknown}
 m - 3 scrolls of blinking {unknown}
 o - 6 scrolls of teleportation
 q - 4 scrolls of fog {unknown}
 r - 2 scrolls of immolation {unknown}
 s - 2 scrolls of magic mapping
 v - 2 scrolls of enchant armour {unknown}
 S - a scroll of summoning {unknown}
Potions
 b - 2 potions of lignification
 d - 2 potions of heal wounds
 f - 3 potions of magic
 g - a potion of invisibility {unknown}
 j - 2 potions of resistance
 p - 2 potions of attraction
 x - a potion of degeneration {unknown}
 A - 4 potions of curing
 B - a potion of haste {unknown}
 J - 7 potions of ambrosia {unknown}
 Q - a potion of brilliance {unknown}
Miscellaneous
 M - a lightning rod (4/4)


   Skills:
 + Level 11.3 Fighting
 + Level 10.9 Long Blades
 + Level 11.3 Armour
 + Level 4.8 Dodging
 + Level 11.3 Shields
 - Level 8.0 Invocations


You had 11 spell levels left.
You didn't know any spells.
Your spell library contained the following spells:

 Spells                   Type           Power        Failure   Level
 Beastly Appendage        Tmut           0%           100%        1
 Corona                   Hex            0%           100%        1
 Magic Dart               Conj           0%           100%        1
 Blink                    Tloc           N/A          100%        2
 Call Imp                 Summ           0%           100%        2
 Ensorcelled Hibernation  Hex/Ice        0%           100%        2
 Slow                     Hex            0%           100%        2
 Wereblood                Tmut           0%           100%        2
 Confusing Touch          Hex            0%           100%        3
 Conjure Flame            Conj/Fire      0%           100%        3
 Dazzling Flash           Conj/Hex       0%           100%        3
 Mephitic Cloud           Conj/Pois/Air  0%           100%        3
 Spider Form              Tmut/Pois      0%           100%        3
 Tukima's Dance           Hex            0%           100%        3
 Ice Form                 Ice/Tmut       0%           100%        4
 Blade Hands              Tmut           0%           100%        5


Dungeon Overview and Level Annotations

Branches:
Dungeon (12/15)            Temple (1/1) D:4            Lair (0/6) D:10
    Orc: D:9-12

Altars:
Ashenzari
Cheibriados
Dithmenos
Elyvilon
Fedhas
Gozag
Hepliaklqana
Kikubaaqudgha
Makhleb
Nemelex Xobeh
Okawaru
Qazlal
Ru
Sif Muna
Trog
Uskayaw
Vehumet
Wu Jian
Xom
Yredelemnul
Zin
The Shining One

Shops:
D:4 (   D:7 ?[   D:8 *

Portals:
Trove: D:10 (give +4 demon trident)


Innate Abilities, Weirdness & Mutations

You reflexively headbutt those who attack you in melee.
You have a pair of horns on your head.


Message History

You closely miss the flayed ghost. You headbutt the flayed ghost.
You destroy the flayed ghost!
Okawaru accepts your kill.
The terrible wounds on your body vanish.
You regained 25 hp, and now have 107/110 hp.
A storm dragon comes into view.
The storm dragon breathes lightning at you.
The bolt of lightning hits you!!! The bolt of lightning hits you!
You hear a horrible gurgling sound!
You hear a shout! x2
You hear an angry hiss.
You hear a shout!
You take 49 damage, and have 58/110 hp.
MASSIVE DAMAGE!!
A fire dragon comes into view.
The fire dragon breathes flames at you. The blast of flame hits you!!
* * * LOW HITPOINT WARNING * * *
You hear a horrible gurgling sound!
You hear a shout!
You take 32 damage, and have 26/110 hp.
MASSIVE DAMAGE!!
The fire dragon breathes flames at you. The blast of flame hits you!!
You die...

#.........###†8.###.........
#.......###.......###.......
#†....###..#.....#..###.....
>.....###..##[#...#.##..###...
.....###..###.#.#.#.#.# # ###.
.......#8................. #.
......##....#.###.#.#.###. ##
......#....#...#.##.##.#. #
.....##...#.###.@##.##..# #
.#.#.#.##.#..⌠..#.# #...
#.#.#.....# #.#.###...##.##...
#.. #.....## .# . .# #..##D#.#
# ..# ..###.# . #.. #|} ..⌠.
).|.


You could see a fire dragon (catching breath).

Vanquished Creatures
  Snorg (D:11)
  A great orb of eyes (shapeshifter) (D:10)
  Fannar (D:11)
  Harold (D:8)
  A hydra (D:11)
  A two-headed ogre (D:11)
  A tengu warrior (D:8)
  A flayed ghost (D:12)
  A cyclops (D:11)
  2 manticores (D:8)
  A centaur zombie (D:12)
  3 centaur skeletons
  A queen bee (D:10)
  A troll (D:8)
  Grinder (D:6)
  2 slime creatures
  11 yaks
  Sigmund (D:3)
  A vampire (D:9)
  3 wraiths
  4 wyverns
  A vampire mosquito (D:10)
  2 water moccasins
  3 orc warriors
  5 sky beasts
  An eye of draining (D:10)
  A black bear (D:6)
  2 ice beasts (D:9)
  5 ogres
  3 phantoms
  5 centaurs
  7 bullfrogs
  A wyvern skeleton (D:12)
  2 water moccasin zombies
  A water moccasin skeleton (D:8)
  2 scorpions
  3 wights (D:7)
  23 killer bees
  3 howler monkeys
  A bullfrog zombie (D:12)
  2 jellies
  A bullfrog skeleton (D:7)
  13 orc priests
  6 hounds
  5 orc wizards
  6 iguanas
  8 worker ants
  Natasha (thrice) (D:4)
  A hound zombie (D:10)
  A hound skeleton (D:7)
  2 worker ant zombies
  3 gnolls (D:6)
  13 adders
  5 white imps
  2 ufetubi (D:7)
  3 adder zombies
  An adder skeleton (D:6)
  2 worms
  3 dart slugs
  5 leopard geckos
  48 orcs
  14 bats
  6 giant cockroaches
  5 goblins
  6 hobgoblins
  18 jackals
  12 kobolds
  2 quokkas
  A ball python (D:2)
  4 frilled lizards
  A jackal skeleton (D:4)
  2 leopard gecko skeletons
  A leopard gecko zombie (D:5)
  8 rats
324 creatures vanquished.

Notes
Turn   | Place    | Note
-------+----------+-------------------------------------------
     0 | D:1      | Mitsuki the Minotaur Fighter began the quest for the Orb.
     0 | D:1      | Reached XP level 1. HP: 19/19 MP: 0/0
    47 | D:1      | Reached XP level 2. HP: 22/27 MP: 1/1
   312 | D:1      | Reached XP level 3. HP: 32/33 MP: 2/2
   855 | D:2      | Reached XP level 4. HP: 37/41 MP: 3/3
  1052 | D:2      | Found a radiant altar of Vehumet.
  1785 | D:3      | Noticed Sigmund
  1874 | D:3      | Killed Sigmund
  1875 | D:3      | Reached skill level 5 in Fighting
  1875 | D:3      | Reached skill level 5 in Armour
  1875 | D:3      | Reached skill level 5 in Shields
  1875 | D:3      | Reached XP level 5. HP: 15/48 MP: 4/4
  1875 | D:3      | Reached XP level 6. HP: 18/56 MP: 5/5
  2893 | D:4      | Noticed Natasha
  2902 | D:4      | Killed Natasha
  2944 | D:4      | Noticed Natasha
  2955 | D:4      | Killed Natasha
  3063 | D:4      | Found Lebur's Weapon Emporium.
  3075 | D:4      | Noticed Natasha
  3091 | D:4      | Killed Natasha
  3092 | D:4      | Reached skill level 5 in Long Blades
  3092 | D:4      | Reached XP level 7. HP: 47/62 MP: 6/6
  3446 | D:4      | Found a staircase to the Ecumenical Temple.
  3465 | Temple   | Entered the Ecumenical Temple
  3729 | D:4      | Found a bloodstained altar of Trog.
  3731 | D:4      | Found an iron altar of Okawaru.
  3740 | D:4      | Got a translucent hand axe
  3742 | D:4      | Became a worshipper of Warmaster Okawaru
  4041 | D:5      | Entered Level 5 of the Dungeon
  4054 | D:5      | Found a broken altar of Ashenzari.
  4071 | D:5      | Reached skill level 1 in Invocations
  4516 | D:4      | Got a slimy mace
  4978 | D:6      | Reached XP level 8. HP: 61/71 MP: 8/8
  4981 | D:6      | Noticed Grinder
  5072 | D:6      | Reached * piety under Okawaru
  5086 | D:6      | Paralysed by Grinder for 7 turns
  5093 | D:6      | Killed Grinder
  5344 | D:6      | Identified the +6 tower shield "Zeckukel" {rN+}
  5374 | D:6      | Found an iron altar of Okawaru.
  5573 | D:6      | Reached ** piety under Okawaru
  6224 | D:7      | Found Deleu's Magic Scroll Shop.
  6232 | D:7      | Bought a scroll of magic mapping for 35 gold pieces
  6700 | D:7      | Found Ewnapniewe's Armour Boutique.
  6713 | D:7      | Reached XP level 9. HP: 79/79 MP: 10/10
  7068 | D:8      | Noticed a manticore
  7090 | D:8      | Killed a manticore
  7090 | D:8      | Reached *** piety under Okawaru
  7515 | D:8      | Found Tumeemesa's Tempting Trifles.
  7743 | D:8      | Noticed Harold
  7763 | D:8      | Killed Harold
  7764 | D:8      | Reached skill level 5 in Invocations
  7764 | D:8      | Reached XP level 10. HP: 59/90 MP: 9/12
  8099 | D:8      | Reached **** piety under Okawaru
  8347 | D:8      | Noticed a tengu warrior
  8347 | D:8      | Noticed a manticore
  8365 | D:8      | Killed a tengu warrior
  8369 | D:8      | Killed a manticore
  8595 | D:8      | Found a shadowy altar of Dithmenos.
  8596 | D:8      | Found a hazy altar of Hepliaklqana.
  8956 | D:8      | Got a pitted glaive
  9287 | D:9      | Found a burning altar of Makhleb.
  9297 | D:9      | Found a sparkling altar of Nemelex Xobeh.
  9298 | D:9      | Found a white marble altar of Elyvilon.
  9298 | D:9      | Found a stormy altar of Qazlal.
  9298 | D:9      | Found an iron altar of Okawaru.
  9298 | D:9      | Found a glowing golden altar of the Shining One.
  9299 | D:9      | Found a shimmering blue altar of Sif Muna.
  9310 | D:9      | Found a snail-covered altar of Cheibriados.
  9731 | D:10     | Entered Level 10 of the Dungeon
  9819 | D:10     | Reached ***** piety under Okawaru
 10293 | D:10     | Reached skill level 10 in Fighting
 10382 | D:10     | Found a staircase to the Lair.
 10403 | D:10     | Reached skill level 10 in Armour
 10403 | D:10     | Reached skill level 10 in Shields
 10709 | D:9      | Reached XP level 11. HP: 36/99 MP: 14/14
 11052 | D:10     | Reached skill level 1 in Dodging
 11840 | D:10     | Reached skill level 10 in Long Blades
 12295 | D:10     | Noticed a great orb of eyes
 12311 | D:10     | Killed a great orb of eyes
 12319 | D:10     | Got a bone war axe
 12430 | D:10     | Found a portal to a secret trove of treasure.
 12896 | D:11     | Noticed Snorg
 12926 | D:11     | Killed Snorg
 12926 | D:11     | Received a gift from Okawaru
 13264 | D:11     | Noticed Fannar
 13292 | D:11     | Killed Fannar
 13491 | D:11     | Got a wavering brass ring
 13756 | D:11     | Identified the ring "Riese" {Will- MP+9 Str+6} (You found
                  | it on level 11 of the Dungeon)
 14115 | D:12     | Noticed a two-headed ogre
 14123 | D:11     | Killed a two-headed ogre
 14274 | D:12     | Reached XP level 12. HP: 110/110 MP: 16/16
 14337 | D:12     | Noticed a seven-headed hydra
 14391 | D:11     | Killed a ten-headed hydra
 14485 | D:12     | Found the +5 scythe "Finisher" {speed, eviscerate}
 14507 | D:12     | Noticed a storm dragon
 14508 | D:12     | Noticed a fire dragon
 14512 | D:12     | Killed from afar by a fire dragon

Illustrated notes

Levels and vault maps discovered:
D:1:      lemuel_arrival_muddy, layout_basic
D:2:      layout_basic, old_standard_altar
D:3:      layout_loops_ring, uniq_sigmund
D:4:      layout_rooms, bloody_trog, minmay_temple_entry_overgrown,
          serial_shops, shop, okawaru_ov_weapons_minmay, uniq_natasha
D:5:      layout_basic, nicolae_overflow_crystal_walls
D:6:      layout_loops_ring, basic_altar, uniq_grinder
D:7:      layout_rooms, serial_shops, shop, shop_fountains
D:8:      minmay_tri_box, layout_basic, riverfiend_overflow_shadow_ancestor,
          nicolae_alphabet_shops, uniq_harold
D:9:      layout_basic, minitemple
D:10:     layout_rooms, lair_entry_dummy, special_room [special_room_bee],
          nicolae_trove_entry_diagonal, minmay_diamond_spiral
D:11:     layout_loops_ring, uniq_snorg, uniq_fannar
D:12:     minmay_complete_graph, layout_irregular_city, david_orc_5,
          uniq_jorgrun
Temple:   chequers_temple_sunken

Skill      XL: |  1  2  3  4  5  6  7  8  9 10 11 12 |
---------------+-------------------------------------+-----
Fighting       | 4 5 6 7 8 10 11 | 11.3
Armour         | 4 5 6 7 8 10 11 | 11.3
Shields        | 4 5 6 7 8 10 11 | 11.3
Long Blades    | 3 4 5 7 8 9 10 | 10.9
Invocations    | 1 3 5 6 7 8 |  8.0
Dodging        | 4 |  4.8

Action                   |  1- 3 |  4- 6 |  7- 9 | 10-12 || total
-------------------------+-------+-------+-------+-------++-------
Melee: Long sword        |    90 |   179 |   235 |       ||   504
       Headbutt          |    10 |    31 |    60 |   128 ||   229
       Scimitar          |       |       |   130 |   627 ||   757
Invok: Heroism           |       |       |     2 |    10 ||    12
       Finesse           |       |       |       |     4 ||     4
  Use: Potion            |       |     2 |       |       ||     2
       Scroll            |       |       |       |    12 ||    12
Armor: Scale mail        |    51 |     1 |       |       ||    52
       Chain mail        |       |   102 |    18 |       ||   120
       Skin              |       |    11 |       |       ||    11
       Plate armour      |       |       |   159 |   377 ||   536
Dodge: Dodged            |    34 |    33 |    70 |   165 ||   302
Block: Kite shield       |    45 |   123 |   166 |   358 ||   692
       Tower shield      |       |       |       |    88 ||    88
       Rpst.: Long sword |     7 |     7 |    10 |       ||    24
       Scimitar          |       |       |     6 |    34 ||    40
